 Dungeon Sprint DCSS version 0.30-a0-715-gdb4ae3ece1 (webtiles) character file.

Game seed: 14217869384083494654

126 rocky1 the Earth Mage (level 8, 0/41 HPs)
             Began as a Deep Elf Earth Elementalist on Jan 24, 2023.
             Was an Initiate of Gozag.
             Slain by an ice devil (17 damage)
             ... in the Dungeon (Sprint VI: "Thunderdome").
             The game lasted 00:06:10 (515 turns).

rocky1 the Earth Mage (Deep Elf Earth Elementalist)  Turns: 515, Time: 00:06:11

Health: 0/41       AC:  2    Str:  6    XL:     8   Next: 94%
Magic:  21/29      EV: 13    Int: 24    God:    Gozag
Gold:   201        SH:  0    Dex: 26    Spells: 33/37 levels left

rFire   . . .      SeeInvis .    (no weapon)
rCold   . . .      Faith    .    (no shield)
rNeg    . . .      Spirit   .    a - +0 robe
rPois   +          Reflect  .    (no helmet)
rElec   +          Harm     .    (no cloak)
rCorr   +          Rampage  .    (no gloves)
Will    .....      NoTele   +    (no boots)
Stlth   +++                      p - amulet of Eblaupt {RegenMP Dex+3}
HPRegen 0.26/turn                q - ring "Osohuvoi" {rPois Str+3 Slay+3}
MPRegen 0.61/turn                l - ring "Seenk" {rCorr Int+3}

@: no status effects
A: agile 2, electricity resistance, wild magic 1
a: Renounce Religion, Potion Petition, Call Merchant, Bribe Branch


You were in the Dungeon.
You worshipped Gozag.
Gozag was aware of your devotion.
You visited 1 branch You collected 1120 gold pieces.
You spent 919 gold pieces at shops.

Inventory:

Armour
 a - a +0 robe (worn)
Jewellery
 c - the amulet "Kuadif" {Spirit rElec Will+}
   (You bought it in a shop in the Dungeon)

   [amulet of guardian spirit]

   It causes incoming damage to be divided between your reserves of health and
   magic.
   rElec:     It insulates you from electricity.
   Will:      It increases your willpower.
 l - the ring "Seenk" (right hand) {rCorr Int+3}
   (You bought it in a shop in the Dungeon)

   [ring of resist corrosion]

   Int:       It affects your intelligence (+3).
   rCorr:     It protects you from acid and corrosion.
 m - the ring "Goifroop" {Will+ Dex+5 SInv}
   (You bought it in a shop in the Dungeon)

   [ring of see invisible]

   Dex:       It affects your dexterity (+5).
   SInv:      It lets you see invisible.
   Will:      It increases your willpower.
 n - the amulet "Dying" {Spirit Dex+2}
   (You bought it in a shop in the Dungeon)

   [amulet of guardian spirit]

   It causes incoming damage to be divided between your reserves of health and
   magic.
   Dex:       It affects your dexterity (+2).
 p - the amulet of Eblaupt (around neck) {RegenMP Dex+3}
   (You bought it in a shop in the Dungeon)

   [amulet of magic regeneration]

   It increases your rate of magic regeneration.
   Dex:       It affects your dexterity (+3).
 q - the ring "Osohuvoi" (left hand) {rPois Str+3 Slay+3}
   (You bought it in a shop in the Dungeon)

   [ring of poison resistance]

   Str:       It affects your strength (+3).
   Slay:      It affects your accuracy & damage with ranged weapons and melee
   (+3).
   rPois:     It protects you from poison.
 r - the ring of Internal Strife {Ice Contam rN++ Dex+3}
   (You bought it in a shop in the Dungeon)

   [ring of ice]

   It enhances your ice magic.
   Dex:       It affects your dexterity (+3).
   rF:        It makes you vulnerable to fire.
   rC:        It protects you from cold.
   rN:        It greatly protects you from negative energy.
   Contam:    It causes magical contamination when unequipped.
 s - the amulet of the Enemy {Reflect Drain rCorr Str-2 Int+6 SH+5}
   (You bought it in a shop in the Dungeon)

   [amulet of reflection]

   It reflects blocked missile attacks.
   Str:       It affects your strength (-2).
   Int:       It affects your intelligence (+6).
   rCorr:     It protects you from acid and corrosion.
   Drain:     It drains your maximum health when unequipped.
   SH:        It affects your SH (+5).
 t - the amulet "Qarobyit" {Reflect rF+ SH+5}
   (You bought it in a shop in the Dungeon)

   [amulet of reflection]

   It reflects blocked missile attacks.
   rF:        It protects you from fire.
   SH:        It affects your SH (+5).
Wands
 i - a wand of acid (5)
 j - a wand of iceblast (5)
Scrolls
 g - 2 scrolls of blinking
 k - 3 scrolls of fog
Potions
 b - 3 potions of magic
 d - 6 potions of heal wounds
 e - 4 potions of haste
 f - a potion of berserk rage
 h - a potion of resistance
 o - 4 potions of curing


   Skills:
 - Level 2.4 Dodging
 - Level 2.4 Stealth
 + Level 15.2 Spellcasting
 - Level 1.1 Transmutations
 * Level 17.7 Earth Magic


You had 33 spell levels left.
You knew the following spells:

 Your Spells              Type           Power      Damage    Failure   Level
a - Sandblast             Erth           100%       2d20      1%          1
b - Stone Arrow           Conj/Erth      100%       3d13      1%          3

Your spell library contained the following spells:

 Spells                   Type           Power      Damage    Failure   Level
 Passwall                 Tmut/Erth      58%        N/A       1%          2
 Petrify                  Tmut/Erth      70%        N/A       1%          4


Dungeon Overview and Level Annotations

Branches:
Dungeon (1/1)

Altars:
Cheibriados
Dithmenos
Fedhas
Gozag
Kikubaaqudgha
Makhleb
Okawaru
Qazlal
Ru
Sif Muna
Trog
Uskayaw
Vehumet
Wu Jian
Xom
Yredelemnul
Zin
The Shining One
Lugonu

Shops:
D *[??*?*:[((!!!!


Innate Abilities, Weirdness & Mutations

You are very agile. (Dex +8, Str/Int -2)
You are resistant to electric shocks. (rElec)
Your spells are a little harder to cast, but a little more powerful.


Message History

* * * LOW HITPOINT WARNING * * *
Your Earth Magic skill increases to level 17!
You feel much better.
The orange demon is distracted by your dazzling golden aura.
Aiming: Stone Arrow (safe; 1% risk of failure)
Press: ? - help, Q - select action, (/) - cycle Shift-Dir - straight line, f - orange demon
Aim: an orange demon (unaware, hasn't noticed you, 87% to hit)
The stone arrow hits the orange demon!!
The orange demon is heavily wounded.
The orange demon is no longer distracted by gold.
The orange demon stings you from afar!
Aiming: Stone Arrow (safe; 1% risk of failure)
Press: ? - help, Q - select action, (/) - cycle Shift-Dir - straight line, f/p - orange demon
Aim: an orange demon (heavily wounded, 87% to hit)
The stone arrow hits the orange demon!!
You kill the orange demon!
Your Spellcasting skill increases to level 15!
Unknown command.
You now have 84 gold pieces (gained 45).
You now have 129 gold pieces (gained 45).
You now have 201 gold pieces (gained 72).
You start resting.
An ice devil comes into view.
Aiming: Stone Arrow (safe; 1% risk of failure)
Press: ? - help, Q - select action, (/) - cycle Shift-Dir - straight line, f - ice devil
Aim: an ice devil (wandering, hasn't noticed you, 78% to hit)
The stone arrow hits the ice devil!
The ice devil is lightly wounded.
Aiming: Stone Arrow (safe; 1% risk of failure)
Press: ? - help, Q - select action, (/) - cycle Shift-Dir - straight line, f/p - ice devil
Aim: an ice devil (lightly wounded, 78% to hit)
The stone arrow hits the ice devil!!
The ice devil is heavily wounded.
Aiming: Stone Arrow (safe; 1% risk of failure)
Press: ? - help, Q - select action, (/) - cycle Shift-Dir - straight line, f/p - ice devil
Aim: an ice devil (heavily wounded, 78% to hit)
The stone arrow misses the ice devil.
The ice devil hits you! The ice devil freezes you!
You die...
Your body crumbles into a pile of gold.

###.........###
#⌠....÷......⌠#
#.8.........8.######
......###......___∩##
....8.# #.8........∩###
......###.............##
...###...###..........⌠#
...# #.<.# #..........⌠#
...###...###....@4....§#
......###.............##
....8.# #.8........∩###
......###......___∩##
#.8.........8.######
#⌠...........⌠#
###.........###
#........_# #_......._#


You could see an ice devil.

Vanquished Creatures
  A rust devil (D)
  2 orange demons (D)
  6 neqoxecs (D)
  2 water moccasins (D)
  A scorpion (D)
  2 adders (D)
  A worm (D)
  A ball python (D)
  2 giant cockroaches (D)
18 creatures vanquished.

Notes
Turn   | Place    | Note
-------+----------+-------------------------------------------
     0 | D        | rocky1 the Deep Elf Earth Elementalist began the quest for
                  | the Orb.
     0 | D        | Reached XP level 1. HP: 10/10 MP: 6/6
     3 | D        | Found an ornate altar of the Wu Jian Council.
     3 | D        | Found a glowing silver altar of Zin.
     4 | D        | Found a glowing golden altar of the Shining One.
     5 | D        | Found a basalt altar of Yredelemnul.
     5 | D        | Found a corrupted altar of Lugonu.
     5 | D        | Round 1.
     6 | D        | Found an opulent altar of Gozag.
     6 | D        | Found Caunasel's Staff Store.
     6 | D        | Found Tobaiph's Magic Scroll Shop.
     7 | D        | Found Mayq's Must-Have Magic.
     7 | D        | Found Jeipran's Magic Scroll Shop.
     8 | D        | Noticed a water moccasin
    13 | D        | Found a shadowy altar of Dithmenos.
    13 | D        | Found Sis Ehiodad's Distillery.
    15 | D        | Reached skill level 4 in Earth Magic
    15 | D        | Reached XP level 2. HP: 3/15 MP: 3/9
    20 | D        | Killed a water moccasin
    21 | D        | Reached skill level 9 in Earth Magic
    21 | D        | Reached XP level 3. HP: 6/19 MP: 0/14
    21 | D        | Reached XP level 4. HP: 8/24 MP: 0/15
    93 | D        | Found a hide-covered altar of Uskayaw.
    93 | D        | Found a bloodstained altar of Trog.
   120 | D        | Found Yboerphuo's Jewellery.
   120 | D        | Found Weusushreo's Advanced Armour.
   122 | D        | Found a burning altar of Makhleb.
   122 | D        | Found an ancient bone altar of Kikubaaqudgha.
   122 | D        | Found Hoecis's Identification Station.
   130 | D        | Noticed a water moccasin
   136 | D        | Killed a water moccasin
   136 | D        | Arena points: 12 (+12) [x2]
   137 | D        | Reached skill level 11 in Earth Magic
   137 | D        | Reached XP level 5. HP: 7/28 MP: 13/19
   146 | D        | Became a worshipper of Gozag Ym Sagoz the Greedy
   192 | D        | Bought a heavily runed pewter amulet for 45 gold pieces
   192 | D        | Identified the amulet "Kuadif" {Spirit rElec Will+} (You
                  | bought it in a shop in the Dungeon)
   192 | D        | Bought an ancient brass ring for 45 gold pieces
   192 | D        | Identified the ring "Seenk" {rCorr Int+3} (You bought it in
                  | a shop in the Dungeon)
   192 | D        | Bought a bound turquoise ring for 45 gold pieces
   192 | D        | Identified the ring "Goifroop" {Will+ Dex+5 SInv} (You
                  | bought it in a shop in the Dungeon)
   192 | D        | Bought a bound bone amulet for 45 gold pieces
   192 | D        | Identified the amulet "Dying" {Spirit Dex+2} (You bought it
                  | in a shop in the Dungeon)
   201 | D        | Round 2.
   212 | D        | Found a radiant altar of Vehumet.
   212 | D        | Found a shimmering blue altar of Sif Muna.
   218 | D        | Found Doggidwe's Premium Goods.
   220 | D        | Found a shimmering altar of Xom.
   220 | D        | Found a sacrificial altar of Ru.
   220 | D        | Found a stormy altar of Qazlal.
   220 | D        | Found Wiroche's Weapon Rack.
   221 | D        | Found Myshranaa's Miscellaneous Merchandise.
   221 | D        | Found Ynwoj's Basic Armour.
   231 | D        | Bought a scorched copper amulet for 45 gold pieces
   231 | D        | Identified the amulet "Ziemya" {Reflect Fragile Dex+6 SH+5}
                  | (You bought it in a shop in the Dungeon)
   245 | D        | Reached skill level 10 in Spellcasting
   245 | D        | Reached XP level 6. HP: 32/32 MP: 18/21
   253 | D        | Arena points: 42 (+30) [x3]
   263 | D        | Bought a transparent amethyst amulet for 45 gold pieces
   263 | D        | Identified the amulet of Eblaupt {RegenMP Dex+3} (You
                  | bought it in a shop in the Dungeon)
   263 | D        | Bought a transparent brass ring for 45 gold pieces
   263 | D        | Identified the ring "Osohuvoi" {rPois Str+3 Slay+3} (You
                  | bought it in a shop in the Dungeon)
   263 | D        | Bought a steaming wooden ring for 45 gold pieces
   263 | D        | Identified the ring of Internal Strife {Ice Contam rN++
                  | Dex+3} (You bought it in a shop in the Dungeon)
   263 | D        | Bought a smoking ruby amulet for 45 gold pieces
   263 | D        | Identified the amulet of the Enemy {Reflect Drain rCorr
                  | Str-2 Int+6 SH+5} (You bought it in a shop in the Dungeon)
   263 | D        | Bought a slimy tin amulet for 45 gold pieces
   263 | D        | Identified the amulet "Qarobyit" {Reflect rF+ SH+5} (You
                  | bought it in a shop in the Dungeon)
   268 | D        | Round 3.
   279 | D        | Noticed a neqoxec
   280 | D        | Gained mutation: You occasionally lose the ability to drink
                  | potions when taking damage. [a neqoxec]
   284 | D        | Gained mutation: You sometimes lose the ability to drink
                  | potions when taking damage. [a neqoxec]
   285 | D        | Killed a neqoxec
   286 | D        | Reached skill level 13 in Earth Magic
   289 | D        | Noticed a neqoxec
   293 | D        | Killed a neqoxec
   294 | D        | Reached XP level 7. HP: 36/36 MP: 24/24
   298 | D        | Learned a level 3 spell: Stone Arrow
   357 | D        | Noticed a neqoxec
   362 | D        | Gained mutation: Armour fits poorly on your strangely
                  | shaped body. [a neqoxec]
   368 | D        | Killed a neqoxec
   369 | D        | Reached skill level 14 in Earth Magic
   388 | D        | Noticed a neqoxec
   389 | D        | Noticed a neqoxec
   389 | D        | Noticed a neqoxec
   390 | D        | Gained mutation: You are weak. (Str -2) [a neqoxec]
   393 | D        | Killed a neqoxec
   394 | D        | Reached skill level 15 in Earth Magic
   396 | D        | Killed a neqoxec
   398 | D        | Killed a neqoxec
   398 | D        | Arena points: 126 (+84) [x4]
   399 | D        | Reached XP level 8. HP: 16/41 MP: 2/27
   420 | D        | Found a blossoming altar of Fedhas.
   421 | D        | Found an iron altar of Okawaru.
   422 | D        | Found a snail-covered altar of Cheibriados.
   423 | D        | Found Zolleff's Do-It-Yourself Clinic.
   425 | D        | Found Eschac's Bottled Wisdom.
   425 | D        | Found Umieg's Distillery.
   436 | D        | Bought 4 potions of curing for 84 gold pieces
   436 | D        | Bought 3 potions of heal wounds for 105 gold pieces
   444 | D        | Bought 3 potions of mutation for 168 gold pieces
   444 | D        | Bought a potion of mutation for 56 gold pieces
   444 | D        | Lost mutation: Armour fits poorly on your strangely shaped
                  | body. [potion of mutation]
   444 | D        | Lost mutation: You are weak. (Str -2) [potion of mutation]
   444 | D        | Gained mutation: Your skin changes colour to match your
                  | surroundings (Stealth+). [potion of mutation]
   444 | D        | Gained mutation: Your flesh is heat resistant. (rF+)
                  | [potion of mutation]
   444 | D        | Gained mutation: Your muscles are strong. (Str +4, Int/Dex
                  | -1) [potion of mutation]
   445 | D        | Lost mutation: Your muscles are strong. (Str +4, Int/Dex
                  | -1) [potion of mutation]
   445 | D        | Lost mutation: Your flesh is heat resistant. (rF+) [potion
                  | of mutation]
   445 | D        | Lost mutation: You sometimes lose the ability to drink
                  | potions when taking damage. [potion of mutation]
   445 | D        | Gained mutation: You sometimes lose the ability to drink
                  | potions when taking damage. [potion of mutation]
   445 | D        | Gained mutation: Your body sometimes deteriorates upon
                  | taking damage. [potion of mutation]
   445 | D        | Lost mutation: Your body sometimes deteriorates upon taking
                  | damage. [potion of mutation]
   446 | D        | Lost mutation: Your skin changes colour to match your
                  | surroundings (Stealth+). [potion of mutation]
   446 | D        | Lost mutation: You sometimes lose the ability to drink
                  | potions when taking damage. [potion of mutation]
   446 | D        | Lost mutation: You occasionally lose the ability to drink
                  | potions when taking damage. [potion of mutation]
   446 | D        | Gained mutation: Your spells are a little easier to cast,
                  | but a little less powerful. [potion of mutation]
   446 | D        | Gained mutation: Your body sometimes deteriorates upon
                  | taking damage. [potion of mutation]
   447 | D        | Lost mutation: Your body sometimes deteriorates upon taking
                  | damage. [potion of mutation]
   447 | D        | Lost mutation: Your spells are a little easier to cast, but
                  | a little less powerful. [potion of mutation]
   447 | D        | Gained mutation: You are frail. (-10% HP) [potion of
                  | mutation]
   447 | D        | Gained mutation: You are dopey. (Int -2) [potion of
                  | mutation]
   447 | D        | Gained mutation: You are agile. (Dex +4, Str/Int -1)
                  | [potion of mutation]
   454 | D        | Bought a potion of mutation for 56 gold pieces
   454 | D        | Lost mutation: You are dopey. (Int -2) [potion of mutation]
   454 | D        | Lost mutation: You are frail. (-10% HP) [potion of
                  | mutation]
   454 | D        | Gained mutation: You are very agile. (Dex +8, Str/Int -2)
                  | [potion of mutation]
   454 | D        | Gained mutation: Your spells are a little harder to cast,
                  | but a little more powerful. [potion of mutation]
   454 | D        | Gained mutation: You are resistant to electric shocks.
                  | (rElec) [potion of mutation]
   468 | D        | Round 4.
   469 | D        | Noticed a rust devil
   469 | D        | Noticed an orange demon
   469 | D        | Noticed an orange demon
   475 | D        | Killed an orange demon
   476 | D        | Reached skill level 16 in Earth Magic
   477 | D        | Killed a rust devil
   478 | D        | Reached skill level 17 in Earth Magic
   480 | D        | Killed an orange demon
   481 | D        | Reached skill level 15 in Spellcasting
   510 | D        | Noticed an ice devil
   515 | D        | Slain by an ice devil

Illustrated notes

Levels and vault maps discovered:
D:        arena_sprint

Skill      XL: |  1  2  3  4  5  6  7  8 |
---------------+-------------------------+-----
Spellcasting   | 4 7 9 10 11 13 15 | 15.2
Earth Magic    | 4 9 11 13 15 17 | 17.7
Dodging        | |  2.4
Stealth        | |  2.4
Transmutations | |  1.1

Action                     |  1- 3 |  4- 6 |  7- 9 || total
---------------------------+-------+-------+-------++-------
   Cast: Sandblast         |     7 |    16 |       ||    23
         Stone Arrow       |       |       |    24 ||    24
    Use: Scroll            |     2 |       |       ||     2
         Potion            |       |     1 |     6 ||     7
 Armour: Robe              |     2 |     1 |     1 ||     4
  Dodge: Dodged            |     2 |     2 |     2 ||     6

Table legend: (Time is in decaauts)
 A = Elapsed time spent in this place.
 B = Non-inter-level travel time spent in this place.
 C = Inter-level travel time spent in this place.
 D = Time resting spent in this place.
 E = Time spent auto-exploring this place.
 F = Levels seen in this place.
 G = Mean time per level.
                   A        B        C        D        E       F      G
               +--------+--------+--------+--------+--------+-----+--------+
         Total |    524 |    524 |      0 |    208 |      0 |   1 |  524.0 |
       Dungeon |    524 |    524 |      0 |    208 |      0 |   1 |  524.0 |
               +--------+--------+--------+--------+--------+-----+--------+

Top non-repeatable levels by time:
       D: 524 daAuts
